 Dungeon Crawl Stone Soup version 0.30-a0-782-ge64f9170bb (webtiles) character file.

Game seed: 8200039541769423404

61061 Dustman the Fencer (level 15, -12/119 HPs)
             Began as a Human Fighter on Feb 16, 2023.
             Was the Champion of Makhleb.
             Mangled by a rockslime (24 damage)
             ... on level 1 of the Pits of Slime on Feb 18, 2023.
             The game lasted 01:58:15 (18997 turns).

Dustman the Fencer (Human Fighter)                 Turns: 18997, Time: 01:58:15

Health: -12/119    AC: 20    Str: 17    XL:     15   Next: 40%
Magic:  9/21       EV: 14    Int: 10    God:    Makhleb [******]
Gold:   474        SH:  7    Dex: 16    Spells: 14/14 levels left

rFire   . . .      SeeInvis +    S - +11 Screaming Sword {sonic wave}
rCold   + + .      Faith    .    c - +1 buckler
rNeg    + . .      Spirit   .    k - +3 swamp dragon scales
rPois   +          Reflect  .    K - +0 helmet
rElec   +          Harm     .    u - +0 cloak
rCorr   +          Rampage  .    M - +1 pair of gloves of Nunihan {-Tele rElec rC+ Regen+ Stlth-}
Will    +....      Clarity  +    I - +2 pair of boots of Proximity {rC+ rCorr}
Stlth   +++        NoTele   +    D - amulet of regeneration
HPRegen 1.99/turn                g - ring of positive energy
MPRegen 0.17/turn                o - ring of see invisible

@: corroded, studying Transmutations
A: iridescent scales 2, clarity, clumsy 1, wild magic 1
a: Renounce Religion, Minor Destruction, Lesser Servant of Makhleb, Major
Destruction, Greater Servant of Makhleb


You were on level 1 of the Pits of Slime.
You worshipped Makhleb.
Makhleb was exalted by your worship.
You visited 4 branches of the dungeon, and saw 20 of its levels.
You visited 1 bazaar.
You also visited: Ossuary, Bailey and Gauntlet.

You collected 1983 gold pieces.
You spent 1509 gold pieces at shops.

Inventory:

Hand Weapons
 S - the +11 Screaming Sword (weapon) {sonic wave}
   (You bought it in a shop in a bazaar)
Missiles
 l - a curare-tipped dart
 v - a throwing net
 z - 21 boomerangs (quivered)
 O - 7 javelins
 Q - 5 silver javelins
 R - 4 boomerangs of dispersal
 Y - 3 atropa-tipped darts
Armour
 c - a +1 buckler (worn)
 k - +3 swamp dragon scales (worn)
 u - a +0 cloak (worn)
 I - the +2 pair of boots of Proximity (worn) {rC+ rCorr}
   (You acquired it on level 7 of the Dungeon)

   rC:        It protects you from cold.
   rCorr:     It protects you from acid and corrosion.
 K - a +0 helmet (worn)
 M - the +1 pair of gloves of Nunihan (worn) {-Tele rElec rC+ Regen+ Stlth-}
   (You found it in a Gauntlet)

   rC:        It protects you from cold.
   rElec:     It insulates you from electricity.
   -Tele:     It prevents most forms of teleportation.
   Regen:     It increases your rate of health regeneration.
   Stlth:     It makes you less stealthy.
 T - a +1 pair of gloves of stealth
 U - the +1 robe of Vines {NoPotionHeal Regen++++}
   (You found it in a Gauntlet)

   NoPotionHeal: Its wearer cannot be healed by potions.
   Regen:     It increases your rate of health regeneration.
Jewellery
 g - a ring of positive energy (left hand)
 o - a ring of see invisible (right hand)
 w - a ring of flight
 x - a ring of willpower
 D - an amulet of regeneration (around neck)
Wands
 a - a wand of flame (12)
 b - a wand of polymorph (11)
 C - a wand of digging (3)
 J - a wand of paralysis (11)
 N - a wand of roots (14)
 V - a wand of acid (8)
Scrolls
 e - 2 scrolls of summoning
 f - 6 scrolls of identify
 h - 11 scrolls of teleportation
 t - 4 scrolls of fog
 y - a scroll of poison
 B - 2 scrolls of immolation
 P - a scroll of torment
 W - a scroll of amnesia
 X - a scroll of blinking
Potions
 d - a potion of might
 i - 7 potions of curing
 j - a potion of invisibility
 m - 7 potions of heal wounds
 n - 2 potions of lignification
 q - a potion of attraction
 r - 6 potions of brilliance
 s - a potion of berserk rage
 A - 2 potions of flight
 E - 4 potions of magic
 F - 2 potions of cancellation
 G - 3 potions of haste
 H - 3 potions of mutation
 L - a potion of resistance
Miscellaneous
 p - a box of beasts


   Skills:
 + Level 11.2 Fighting
 - Level 16.0 Long Blades
 + Level 3.9 Throwing
 - Level 8.0 Armour
 - Level 8.0 Dodging
 + Level 9.2 Stealth
 - Level 8.0 Shields
 - Level 8.0 Invocations
 + Level 3.9 Evocations


You had 14 spell levels left.
You didn't know any spells.
Your spell library contained the following spells:

 Spells                   Type           Power      Damage    Failure   Level
 Shock                    Conj/Air       0%         1d3       69%         1
 Blink                    Tloc           0%         N/A       82%         2
 Lesser Beckoning         Tloc           0%         N/A       82%         2
 Momentum Strike          Conj/Tloc      0%         3d8       82%         2
 Poisonous Vapours        Pois/Air       0%         N/A       82%         2
 Sublimation of Blood     Necr           0%         N/A       82%         2
 Wereblood                Tmut           0%         N/A       82%         2
 Dazzling Flash           Conj/Hex       0%         N/A       96%         3
 Frozen Ramparts          Ice            0%         1d1       96%         3
 Gell's Gravitas          Tloc           0%         N/A       96%         3
 Inner Flame              Hex/Fire       0%         N/A       96%         3
 Stone Arrow              Conj/Erth      0%         3d7       96%         3
 Summon Guardian Golem    Hex/Summ       0%         N/A       96%         3
 Swiftness                Air            0%         N/A       96%         3
 Teleport Other           Tloc           0%         N/A       96%         3
 Airstrike                Air            0%         2d(0-16)  100%        4
 Animate Armour           Summ/Erth      0%         N/A       100%        4
 Cause Fear               Hex            0%         N/A       100%        4
 Ice Form                 Ice/Tmut       0%         N/A       100%        4
 Iskenderun's Mystic Bla  Conj/Tloc      0%         2d3       100%        4
 Olgreb's Toxic Radiance  Pois           0%         N/A       100%        4
 Summon Ice Beast         Ice/Summ       0%         N/A       100%        4
 Agony                    Necr           0%         N/A       100%        5
 Blade Hands              Tmut           0%         N/A       100%        5
 Irradiate                Conj/Tmut      0%         3d11      100%        5
 Iskenderun's Battlesphe  Conj           0%         2d6       100%        5
 Silence                  Hex/Air        0%         N/A       100%        5
 Dispersal                Tloc           0%         N/A       100%        6
 Iron Shot                Conj/Erth      0%         9d1       100%        6
 Starburst                Conj/Fire      0%         6d3       100%        6
 Dragon Form              Tmut           0%         N/A       100%        7
 Orb of Destruction       Conj           0%         9d5       100%        7
 Spellforged Servitor     Conj/Summ      0%         N/A       100%        7
 Summon Hydra             Summ           0%         N/A       100%        7
 Discord                  Hex            0%         N/A       100%        8
 Lehudib's Crystal Spear  Conj/Erth      0%         10d2      100%        8


Dungeon Overview and Level Annotations

Branches:
Dungeon (12/15)            Temple (0/1) D:7            Lair (5/5) D:8
 Shoals (0/4) Lair:2       Spider (0/4) Lair:3        Slime (1/5) Lair:4
    Orc (2/2) D:9             Elf (0/3) Orc:2       Ossuary (visited)
 Bailey (visited)         Gauntlet (visited)

Altars:
Ashenzari
Hepliaklqana
Makhleb
Nemelex Xobeh
Sif Muna
Uskayaw
Yredelemnul
Zin
The Shining One
Jiyva
Lugonu

Shops:
D:4 *   D:10 [   D:12 (   Orc:1 [   Orc:2 ((*(*([

Portals:
Abyss: Lair:5

Annotations:
D:12 Azrael, Rupert


Innate Abilities, Weirdness & Mutations

You are mostly covered in iridescent scales. (AC +4)
You possess an exceptional clarity of mind.
You are clumsy. (Dex -2)
Your spells are a little harder to cast, but a little more powerful.


Message History

You hit the rockslime.
The Singing Sword shouts, "Kill!
Crush!
Destroy!"
You send a blast of sound all around you.
The acid blob is lightly wounded.
The rockslime is moderately wounded. x2
The rockslime closely misses you. The acid blob spits acid at you.
The splash of acid hits you. You resist.
You hit the rockslime but do no damage.
The Singing Sword imitates the bagpipes.
You send a blast of sound all around you.
The acid blob is moderately wounded.
The rockslime is moderately wounded.
The rockslime hits you!
You stumble backwards!
A demon appears!
The acid blob spits acid at you. The splash of acid hits you. You resist.
You block the rockslime's attack.
A shining eye comes into view.
The acid blob spits acid at you. The splash of acid hits you! You resist.
Really attack near your neqoxec?
Okay, then.
The rockslime attacks as you move away!
The rockslime hits you but does no damage.
You block the rockslime's attack. The rockslime attacks as you move away!
The rockslime hits you!!
* * * LOW HITPOINT WARNING * * *
Okay, then.
The rockslime hits you!
Keep disrobing?
* * * LOW HITPOINT WARNING * * *
You stumble backwards!
Your neqoxec gestures at the rockslime.
The rockslime twists and deforms.
You start removing your armour.
You continue taking off the +1 pair of gloves of Nunihan {-Tele rElec rC+ Regen+ Stlth-}.
The acid blob spits acid at you. The splash of acid hits you. You resist.
* * * LOW HITPOINT WARNING * * *
The acid corrodes you! The rockslime hits you!!
You die...

.............#......
#..#........##......#.
...J.......#.#.........
.................#.....
.......................
.........3.............
.......................
....#....J.>...........
...#.....@.........##..
G...#.#..............#
...#####..#...........#
... #.............#. #.
##........#.....
##...........##.
#####........#....#
..........#..##..##
..............####


You could see an acid blob, a rockslime (misshapen, ally target) and a friendly
neqoxec (summoned).

Vanquished Creatures
  A quicksilver ooze (Slime:1)
  An orc warlord (Bailey)
  A minotaur (Gauntlet)
  Fannar (Orc:1)
  3 two-headed ogres
  3 orc high priests (Orc:2)
  2 thrashing horrors (Lair:5)
  2 large abominations (Lair:5)
  2 sixfirhies (Gauntlet)
  2 skysharks
  A lindwurm (shapeshifter) (Gauntlet)
  A necromancer (Gauntlet)
  2 harpies (Lair:2)
  An orc sorcerer (Orc:2)
  A shining eye (Slime:1)
  3 ugly things (Lair:5)
  2 cyclopes
  Maurice (Orc:1)
  9 elephants
  4 black mambas
  A torpor snail (Lair:4)
  13 cane toads
  11 komodo dragons
  An unseen horror (D:11)
  2 rime drakes
  A troll (D:11)
  2 ancient zymes (Lair:5)
  3 burning bushes (Lair:5)
  A hornet (D:8)
  2 polar bears
  2 dream sheep (Lair:4)
  11 blink frogs (Lair:5)
  A dream sheep (shapeshifter) (Gauntlet)
  6 slime creatures
  A spriggan (Lair:4)
  Sigmund (D:6)
  14 small abominations (Lair:5)
  A wyvern (D:11)
  3 ynoxinuls (Lair:5)
  A wraith (D:11)
  43 yaks
  6 basilisks
  A redback (Lair:3)
  2 chaos spawn (Lair:5)
  A steam dragon (D:9)
  Menkaure (D:5)
  24 water moccasins
  14 orc warriors
  3 ice beasts
  2 sky beasts
  A sky beast (shapeshifter) (Lair:5)
  5 black bears
  3 centaurs
  9 ogres
  10 wolves
  3 phantoms
  5 kobold brigands
  14 bullfrogs
  2 elf zombies (Ossuary)
  11 wights
  A gnoll sergeant (D:10)
  A water moccasin zombie (D:4)
  19 killer bees
  7 howler monkeys
  A crimson imp (D:6)
  3 centaur zombies
  A human zombie (Ossuary)
  14 orc priests
  5 jellies
  3 iron imps (D:4)
  Jessica (D:3)
  4 iguanas
  21 orc wizards
  3 scorpion zombies (D:4)
  5 hell rats (Lair:3)
  A hound skeleton (D:4)
  3 mummies
  2 gnolls (Bailey)
  8 adders
  4 white imps
  3 adder zombies (Ossuary)
  3 worms
  2 dart slugs
  41 orcs
  3 bats
  14 endoplasms
  3 giant cockroaches
  14 goblins
  12 hobgoblins
  6 jackals
  5 quokkas
  11 ball pythons
  2 frilled lizards
  2 goblin skeletons (D:7)
  A goblin zombie (D:5)
  13 hobgoblin zombies
  40 kobolds
  3 kobold skeletons (D:7)
  13 kobold zombies
  9 orc zombies
  9 rats
  2 rat zombies (Ossuary)
  A bush (Lair:5)
600 creatures vanquished.

Vanquished Creatures (collateral kills)
  An ettin (Orc:2)
  A hydra (Lair:2)
  An orc high priest (Orc:2)
  Urug (Orc:1)
  A lindwurm (Orc:2)
  An orc sorcerer (Orc:1)
  A cyclops (Orc:1)
  Maggie (D:6)
  A cane toad (Lair:2)
  A troll (Orc:1)
  3 slime creatures (D:12)
  6 yaks
  2 orc warriors (Orc:2)
  6 orc priests (Orc:2)
  5 orc wizards
  6 orcs (Orc:2)
38 creatures vanquished.

Vanquished Creatures (others)
  A centaur (D:9)
  57 fungi
  88 plants
  A withered plant (Gauntlet)
147 creatures vanquished.

Grand Total: 785 creatures vanquished

Notes
Turn   | Place    | Note
-------+----------+-------------------------------------------
     0 | D:1      | Dustman the Human Fighter began the quest for the Orb.
     0 | D:1      | Reached XP level 1. HP: 18/18 MP: 1/1
   325 | D:1      | Reached XP level 2. HP: 24/24 MP: 2/2
   622 | D:1      | Reached XP level 3. HP: 8/29 MP: 3/3
   628 | D:1      | Reached skill level 3 in Long Blades
  1211 | D:2      | Reached XP level 4. HP: 33/35 MP: 4/4
  1527 | D:2      | Got the Handbook of Virulence
  1891 | D:3      | Noticed Jessica
  1897 | D:3      | Killed Jessica
  1898 | D:3      | Reached skill level 4 in Long Blades
  1898 | D:3      | Reached XP level 5. HP: 42/42 MP: 5/5
  2121 | D:3      | Found a faded altar of an unknown god.
  2121 | D:3      | Found a faded altar of an unknown god.
  2123 | D:3      | Found a hazy altar of Hepliaklqana.
  2652 | D:4      | Reached XP level 6. HP: 48/48 MP: 6/6
  2659 | D:4      | Reached skill level 5 in Long Blades
  2700 | D:4      | Found a burning altar of Makhleb.
  2720 | D:4      | Reached XP level 7. HP: 38/55 MP: 7/7
  2735 | D:4      | Became a worshipper of Makhleb the Destroyer
  2772 | D:4      | Reached skill level 6 in Long Blades
  2801 | D:4      | Reached skill level 5 in Fighting
  2841 | D:4      | Found Zoradora's Fire Supplies.
  2949 | D:4      | Gained mutation: You are partially covered in iridescent
                  | scales. (AC +2) [potion of mutation]
  2949 | D:4      | Gained mutation: You are clumsy. (Dex -2) [potion of
                  | mutation]
  2949 | D:4      | Gained mutation: You do not regenerate when monsters are
                  | visible. [potion of mutation]
  3019 | D:4      | Reached skill level 7 in Long Blades
  3019 | D:4      | Reached XP level 8. HP: 17/63 MP: 8/8
  3599 | D:4      | Reached * piety under Makhleb
  3677 | D:5      | Entered Level 5 of the Dungeon
  3717 | D:5      | Found a sand-covered staircase.
  3746 | Ossuary  | Entered an ossuary
  3927 | Ossuary  | Reached ** piety under Makhleb
  4129 | Ossuary  | Reached skill level 8 in Long Blades
  4302 | D:5      | Found a shimmering blue altar of Sif Muna.
  4765 | D:5      | Noticed Menkaure
  4769 | D:5      | Killed Menkaure
  4770 | D:5      | Reached XP level 9. HP: 71/71 MP: 9/9
  4788 | D:5      | Reached skill level 9 in Long Blades
  5368 | D:6      | Identified the +6 whip of the Lame Duck {heavy, rCorr Int-3
                  | Dex+6 SInv}
  5467 | D:6      | Noticed Sigmund
  5479 | D:6      | Killed Sigmund
  5480 | D:6      | Reached skill level 10 in Long Blades
  5637 | D:6      | Reached *** piety under Makhleb
  5816 | D:6      | Found a basalt altar of Yredelemnul.
  6093 | D:6      | Noticed Maggie
  6108 | D:6      | Killed Maggie
  6109 | D:6      | Reached skill level 11 in Long Blades
  6109 | D:6      | Reached XP level 10. HP: 33/80 MP: 10/10
  6478 | D:7      | Found a staircase to the Ecumenical Temple.
  6777 | D:7      | Found a glowing golden altar of the Shining One.
  7140 | D:7      | Found a flagged portal.
  7147 | Bailey   | Entered a bailey
  7173 | Bailey   | Noticed an orc warlord
  7249 | Bailey   | Reached **** piety under Makhleb
  7317 | Bailey   | Found a runed translucent gate.
  7319 | Bailey   | Found a runed translucent gate.
  7333 | Bailey   | Reached skill level 1 in Stealth
  7347 | Bailey   | Found a runed translucent gate.
  7614 | Bailey   | Killed an orc warlord
  7615 | Bailey   | Reached skill level 12 in Long Blades
  7866 | D:7      | Found a sparkling altar of Nemelex Xobeh.
  8201 | D:7      | Acquired the +2 pair of boots of Proximity {rC+ rCorr}
  8429 | D:8      | Identified the +6 hand axe of Jocular Courage {venom, rCorr
                  | Int+5}
  8658 | D:8      | Reached XP level 11. HP: 78/89 MP: 11/11
  8882 | D:8      | Found a staircase to the Lair.
  9049 | D:7      | Lost mutation: You do not regenerate when monsters are
                  | visible. [potion of mutation]
  9049 | D:7      | Lost mutation: You are partially covered in iridescent
                  | scales. (AC +2) [potion of mutation]
  9049 | D:7      | Gained mutation: You possess an exceptional clarity of
                  | mind. [potion of mutation]
  9049 | D:7      | Gained mutation: You have hidden genetic potential. [potion
                  | of mutation]
  9049 | D:7      | Gained mutation: You are partially covered in iridescent
                  | scales. (AC +2) [potion of mutation]
  9169 | D:8      | Reached skill level 13 in Long Blades
  9381 | D:8      | Reached skill level 5 in Stealth
  9933 | D:9      | Noticed a two-headed ogre
  9964 | D:9      | Killed a two-headed ogre
  9965 | D:9      | Reached skill level 10 in Fighting
 10536 | D:9      | Found a glowing silver altar of Zin.
 10542 | D:9      | Found a broken altar of Ashenzari.
 10585 | D:9      | Found a staircase to the Orcish Mines.
 10736 | Orc:1    | Entered Level 1 of the Orcish Mines
 10736 | Orc:1    | Noticed a cyclops
 10736 | Orc:1    | Noticed an orc sorcerer
 10750 | D:9      | Upgraded the game from 0.30-a0-778-g2ef04afb54 to
                  | 0.30-a0-779-g7971cf19c3
 10753 | D:10     | Entered Level 10 of the Dungeon
 10753 | D:10     | You fall into a shaft and drop 1 floor!
 10776 | D:11     | Found a glowing silver altar of Zin.
 10833 | D:11     | Reached ***** piety under Makhleb
 11056 | D:10     | Noticed a cyclops
 11101 | D:10     | Killed a cyclops
 11102 | D:10     | Reached skill level 1 in Dodging
 11102 | D:10     | Reached skill level 1 in Invocations
 11228 | D:10     | Noticed a two-headed ogre
 11367 | D:10     | Found a hide-covered altar of Uskayaw.
 11434 | D:10     | Killed a two-headed ogre
 11445 | D:10     | Found Ikluh's Armour Shop.
 11445 | D:10     | Noticed a two-headed ogre
 11457 | D:10     | Killed a two-headed ogre
 11458 | D:10     | Reached XP level 12. HP: 41/98 MP: 13/13
 11620 | D:10     | Gained mutation: You are mostly covered in iridescent
                  | scales. (AC +4) [hidden potential]
 11714 | D:11     | Reached skill level 14 in Long Blades
 12328 | D:12     | Noticed Rupert
 12665 | D:12     | Found Cinaoxei's Antique Weapon Boutique.
 12670 | D:12     | Noticed Azrael
 12813 | Orc:1    | Reached skill level 5 in Armour
 12834 | Orc:1    | Noticed Urug
 12847 | Orc:1    | Killed Urug
 12848 | Orc:1    | Reached skill level 5 in Shields
 12935 | Orc:1    | Noticed Maurice
 12942 | Orc:1    | Killed Maurice
 13011 | Orc:1    | Found Buumi's Antique Armour Boutique.
 13100 | Orc:1    | Noticed Fannar
 13120 | Orc:1    | Killed Fannar
 13138 | Orc:1    | Reached XP level 13. HP: 104/104 MP: 16/16
 13322 | Orc:2    | Entered Level 2 of the Orcish Mines
 13322 | Orc:2    | Found Ugodeot's Antique Armour Emporium.
 13345 | Orc:2    | Found Bapp's Assorted Antiques.
 13372 | Orc:2    | Found a dark tunnel.
 13402 | Orc:2    | Reached skill level 5 in Invocations
 13488 | Orc:2    | Noticed an ettin
 13504 | Orc:2    | Killed an ettin
 13516 | Orc:2    | Gained mutation: Your spells are a little harder to cast,
                  | but a little more powerful. [hidden potential]
 13516 | Orc:2    | Lost mutation: You have hidden genetic potential. [hidden
                  | potential expressed]
 13574 | Orc:2    | Found Fost's Antique Weapon Boutique.
 13688 | Orc:2    | Reached skill level 5 in Dodging
 13761 | Orc:2    | Found Panocvy's Weapon Boutique.
 13900 | Orc:2    | Found a staircase to the Elven Halls.
 13911 | Orc:2    | Found Juwkuy Ditzo's Assorted Antiques.
 13911 | Orc:2    | Found Labofas's Weapon Shoppe.
 13911 | Orc:2    | Found Lasafi's Antique Weapon Emporium.
 13923 | Orc:2    | Found Odim Got's Assorted Antiques.
 13987 | Orc:2    | Found a flickering gateway to a bazaar.
 14007 | Bazaar   | Entered a bazaar
 14021 | Bazaar   | Found Quxui's Armour Emporium.
 14021 | Bazaar   | Found Beut's Assorted Antiques.
 14055 | Bazaar   | Found Sukolin's General Store.
 14055 | Bazaar   | Found Paipem's Weapon Shoppe.
 14104 | Bazaar   | Bought a glowing scimitar for 154 gold pieces
 14136 | Bazaar   | Bought a potion of curing for 33 gold pieces
 14148 | Bazaar   | Bought the +11 Singing Sword {sonic wave} for 700 gold
                  | pieces
 14148 | Bazaar   | Found the +11 Singing Sword {sonic wave}
 14267 | Orc:2    | Bought a lead wand for 96 gold pieces
 14268 | Orc:2    | Bought a scroll of teleportation for 117 gold pieces
 14268 | Orc:2    | Bought a scroll of teleportation for 117 gold pieces
 14268 | Orc:2    | Bought a scroll of enchant armour for 292 gold pieces
 14509 | Lair:1   | Entered Level 1 of the Lair of Beasts
 15159 | Lair:2   | Found a gate leading to a gauntlet.
 15201 | Lair:2   | Upgraded the game from 0.30-a0-779-g7971cf19c3 to
                  | 0.30-a0-782-ge64f9170bb
 15203 | Gauntlet | Entered a Gauntlet
 15203 | Gauntlet | Found a transporter.
 15203 | Gauntlet | Found a transporter.
 15205 | Gauntlet | Found a transporter.
 15206 | Gauntlet | Found a transporter.
 15209 | Gauntlet | Found a transporter.
 15209 | Gauntlet | Found a transporter.
 15280 | Gauntlet | Found a runed translucent door.
 15282 | Gauntlet | Found a runed translucent door.
 15284 | Gauntlet | Noticed a catoblepas
 15285 | Gauntlet | Found a transporter.
 15285 | Gauntlet | Found a transporter.
 15289 | Gauntlet | Found a transporter.
 15289 | Gauntlet | Found a transporter.
 15351 | Gauntlet | Noticed a dire elephant
 15355 | Gauntlet | Found a transporter.
 15356 | Gauntlet | Found a transporter.
 15398 | Gauntlet | Identified the +1 pair of gloves of Nunihan {-Tele rElec
                  | rC+ Regen+ Stlth-}
 15444 | Gauntlet | Found the +1 robe of Vines {NoPotionHeal Regen++++}
 15444 | Gauntlet | Noticed a minotaur
 15456 | Gauntlet | Killed a minotaur
 15457 | Gauntlet | Reached XP level 14. HP: 73/111 MP: 19/19
 15461 | Gauntlet | Got the Notes on Reformation
 15466 | Gauntlet | Got the Reference Book on Points
 15721 | Lair:2   | Found a staircase to the Shoals.
 15946 | Lair:3   | Reached ****** piety under Makhleb
 15964 | Lair:3   | Found a hole to the Spider Nest.
 16020 | Lair:3   | You fall into a shaft and drop 1 floor!
 16136 | Lair:4   | Found a staircase to the Slime Pits.
 16138 | Lair:4   | Found a viscous altar of Jiyva.
 16482 | Lair:5   | Entered Level 5 of the Lair of Beasts
 16509 | Lair:5   | Reached skill level 15 in Long Blades
 16631 | Lair:5   | Reached skill level 16 in Long Blades
 16784 | Lair:5   | Reached skill level 1 in Evocations
 16803 | Lair:5   | Reached skill level 1 in Throwing
 17031 | Lair:5   | Reached XP level 15. HP: 117/117 MP: 21/21
 17361 | Lair:5   | Found a corrupted altar of Lugonu.
 17377 | Lair:5   | Found a one-way gate to the infinite horrors of the Abyss.
 18908 | Slime:1  | Entered Level 1 of the Pits of Slime
 18974 | Slime:1  | Noticed a quicksilver ooze
 18982 | Slime:1  | Noticed a rockslime
 18984 | Slime:1  | Killed a quicksilver ooze
 18990 | Slime:1  | Noticed an acid blob
 18997 | Slime:1  | Mangled by a rockslime

Illustrated notes

Levels and vault maps discovered:
D:1:      wheals_arrival_linesprint, layout_loops_corners,
          chequers_decorated_corner
D:2:      layout_basic
D:3:      layout_basic, nicolae_hepliaklqana_ecumenical_no_more, uniq_jessica
D:4:      layout_basic, demons_altar, serial_undead, serial_undead_d,
          serial_undead_a, serial_undead_c, serial_undead_a,
          nicolae_shop_fire_sale [nicolae_sub_dead_trees], grunt_tough_drop
D:5:      layout_loops_ring, mainiacjoe_overflow_cross_hatched,
          nicolae_ossuary_entry_giza, uniq_menkaure
D:6:      layout_basic, lemuel_zombie_altar_yredelemnul, minmay_fire_ice_demons,
          uniq_maggie, uniq_sigmund
D:7:      layout_basic, mainiacjoe_overflow_chevrons,
          nicolae_tso_besieged_by_evil, minmay_temple_entry_stoned_glass,
          enter_bailey_3, minivault_25, grunt_decor_resistance
D:8:      layout_cave_pods, due_lair_maze_entry_diamond
D:9:      layout_long_grid, grunt_temple_overflow_open, orc_0_dummy
D:10:     layout_rooms, nicolae_uskayaw_suspiria, kennysheep_windowed_goal
D:11:     layout_long_grid, zin_academy
D:12:     layout_cave_pods, serial_shops, nicolae_take_the_stairs,
          serial_bayou_pond_d, amcnicky_mini_rare_corridor_liquid, hex_tiny,
          david_greed, uniq_rupert, uniq_azrael
Lair:1:   layout_gridlike, grunt_megastairs_4
Lair:2:   layout_layer_cave, nicolae_shoals_entry_roost, gauntlet_entry_generic
Lair:3:   layout_long_grid, spider_nest_entry_rubble
Lair:4:   layout_cave_pods, nicolae_slime_entry_slimehenge,
          grunt_forest_stairs_clearing, serial_bayou_shore_a, lemuel_fruit_tree,
          grunt_megastairs_1
Lair:5:   hellmonk_lair_end_abyssal_woods, layout_cave_pods, evilmike_ambush
          [evilmike_ambush_outer_doors, evilmike_ambush_inner_basic]
Slime:1:  layout_caves, nicolae_slime_barrier, nicolae_slime_phagocytosis
Orc:1:    layout_caves, serial_shops, shop_fountains, uniq_fannar, uniq_urug,
          uniq_maurice
Orc:2:    st_orc_mages, layout_diamond_mine, nicolae_volcano_entry_vermiform,
          serial_shops, bzr_entry_customers, nicolae_lakefront_shop, shop,
          shop_fountains, shop

Skill      XL: |  1  2  3  4  5  6  7  8  9 10 11 12 13 14 15 |
---------------+----------------------------------------------+-----
Long Blades    | 3 4 5 7 8 11 12 13 14 16 | 16.0
Fighting       | 4 5 6 8 9 10 11 | 11.2
Stealth        | 3 5 7 8 9 |  9.2
Dodging        | 2 4 6 8 |  8.0
Invocations    | 2 4 7 8 |  8.0
Armour         | 5 7 8 |  8.0
Shields        | 5 7 8 |  8.0
Evocations     | 1 3 |  3.9
Throwing       | 1 3 |  3.9

Action                     |  1- 3 |  4- 6 |  7- 9 | 10-12 | 13-15 || total
---------------------------+-------+-------+-------+-------+-------++-------
  Melee: Long sword        |   138 |   166 |   561 |   995 |       ||  1860
         Scimitar          |       |       |       |    38 |   224 ||   262
         Double sword      |       |       |       |       |   492 ||   492
  Throw: Boomerang         |       |       |       |    12 |     1 ||    13
         Throwing net      |       |       |       |     1 |       ||     1
         Dart              |       |       |       |     2 |       ||     2
 Invoke: Lesser Servant of |       |       |       |     8 |     9 ||    17
  Evoke: Wand              |       |       |     8 |    43 |       ||    51
         Box of beasts     |       |       |       |     1 |       ||     1
    Use: Scroll            |       |     4 |    10 |     9 |     5 ||    28
         Potion            |       |       |    12 |     6 |     1 ||    19
   Stab: Invisible         |       |       |    10 |       |     3 ||    13
         Paralysed         |       |       |       |    24 |       ||    24
         Sleeping          |       |       |       |     2 |     9 ||    11
         Distracted        |       |       |       |     1 |     4 ||     5
 Armour: Scale mail        |    79 |    69 |   244 |       |       ||   392
         Skin              |       |       |    86 |     1 |       ||    87
         Swamp dragon scal |       |       |       |   418 |   299 ||   717
  Dodge: Dodged            |    57 |    69 |   195 |   411 |   337 ||  1069
  Block: Buckler           |    37 |    46 |   150 |   290 |   208 ||   731

Table legend: (Time is in decaauts)
 A = Elapsed time spent in this place.
 B = Non-inter-level travel time spent in this place.
 C = Inter-level travel time spent in this place.
 D = Time resting spent in this place.
 E = Time spent auto-exploring this place.
 F = Levels seen in this place.
 G = Mean time per level.
                   A        B        C        D        E       F      G
               +--------+--------+--------+--------+--------+-----+--------+
         Total |  18784 |  17952 |    832 |   1135 |   7918 |  24 |  782.7 |
       Dungeon |  11707 |  11290 |    417 |    774 |   6397 |  12 |  975.6 |
          Lair |   4052 |   3657 |    395 |      0 |   1368 |   5 |  810.4 |
    Slime Pits |     81 |     81 |      0 |      0 |      0 |   1 |   81.0 |
  Orcish Mines |   1392 |   1373 |     19 |      2 |    153 |   2 |  696.0 |
        Bazaar |    151 |    151 |      0 |      0 |      0 |   1 |  151.0 |
       Ossuary |    546 |    546 |      0 |    216 |      0 |   1 |  546.0 |
        Bailey |    588 |    588 |      0 |    143 |      0 |   1 |  588.0 |
      Gauntlet |    264 |    264 |      0 |      0 |      0 |   1 |  264.0 |
               +--------+--------+--------+--------+--------+-----+--------+

Top non-repeatable levels by time:
     D:8: 1472 daAuts
     D:7: 1458 daAuts
     D:6: 1226 daAuts
     D:4: 1092 daAuts
     D:1: 1089 daAuts
     D:5: 1008 daAuts
  Lair:5: 963 daAuts
    D:11: 898 daAuts
   Orc:2: 865 daAuts
     D:9: 856 daAuts
  Lair:1: 852 daAuts
  Lair:2: 832 daAuts
     D:3: 797 daAuts
     D:2: 795 daAuts
  Lair:3: 757 daAuts
